MapleLeafs vs Wild

Created - Sunday, January 04, 2015 at 02:25

Goals
1 2 3 T
MapleLeafs 2 1 1 4
Wild 2 1 2 5
Shots
1 2 3 T
MapleLeafs 11 13 8 32
Wild 13 5 9 27

1st period

1. MapleLeafs , Nick Foligno 4 (Joe Thornton, Drew Doughty) at 2:40 (SH)
2. Wild , Dan Boyle 15 (Cody Franson, Michal Handzus) at 8:26
3. Wild , Luke Schenn 3 (Alexandre Burrows) at 9:53
4. MapleLeafs , Alexander Steen 23 (Marc-Edouard Vlasic) at 15:32

Penalties :
Ryan Kesler (Tor) for Hooking (Minor) at 0:49, Zack Smith (Tor) for Tripping (Minor) at 5:57, Drew Doughty (Tor) for Slashing (Minor) at 10:16

2nd period

5. MapleLeafs , Alexander Steen 24 (Karl Alzner, Joe Thornton) at 15:08 (PP)
6. Wild , Thomas Vanek 17 (Luke Schenn) at 16:30

Penalties :
Robyn Regehr (Tor) for Interference (Minor) at 2:46, Carl Gunnarsson (Tor) for Interference (Minor) at 5:34, Bryce Salvador (Min) for Tripping (Minor) at 8:28, Luke Schenn (Min) for Hooking (Minor) at 15:05, Mark Streit (Min) for Interference (Minor) at 19:03

3rd period

7. Wild , Thomas Vanek 18 (Cody Franson) at 0:30 (SH)
8. MapleLeafs , Alexander Steen 25 (Joe Thornton) at 2:04
9. Wild , Dan Boyle 16 (Bryce Salvador) at 11:48 (PP)

Penalties :
Nick Foligno (Tor) for Interference (Minor) at 3:20, Chris Neil (Min) for Slashing (Minor) at 7:10, Marc-Edouard Vlasic (Tor) for Hooking (Minor) at 10:59, Maxime Talbot (Min) for Slashing (Minor) at 14:35

Goalie Stats

Ondrej Pavelec (Tor), 22 saves from 27 shots - (0.815), L, 6-3-0, 60:00 minutes
Antti Niemi (Min), 28 saves from 32 shots - (0.875), W, 17-7-3, 60:00 minutes

Players Stats for MapleLeafs

Player Name              G  A  P  +/- PIM S  H  SB GA TA FO     MP     PP MP  PK MP  
------------------------------------------------------------------------------------
Alexander Steen          3  0  3  -2  0   4  0  0  4  0  2/2    15:50   4:44   0:00 
Brandon Sutter           0  0  0   0  0   0  2  2  2  0  6/14   19:00   3:15   8:55 
Carl Gunnarsson          0  0  0   1  2   1  0  1  0  1  0/0    20:05   0:00   6:18 
Colton Gillies           0  0  0   0  0   0  2  0  0  0  0/0    10:54   0:00   0:00 
Drew Doughty             0  1  1  -1  2   4  2  2  1  1  0/0    26:19   5:27   6:12 
Dustin Brown             0  0  0   0  0   2  1  1  3  0  0/1     6:04   0:00   0:00 
Gregory Campbell         0  0  0   0  0   2  1  0  0  0  1/1    14:57   0:00   8:39 
Jarred Tinordi           0  0  0   1  0   3  0  2  0  0  0/0    13:18   0:00   0:00 
Joe Thornton             0  3  3  -1  0   2  3  1  3  0  10/19  20:25   4:44   3:48 
Karl Alzner              0  1  1  -1  0   1  2  0  1  0  0/0    21:58   2:32   7:34 
Kyle Palmieri            0  0  0   0  0   0  2  0  2  0  0/0    10:54   0:00   0:00 
Lee Stempniak            0  0  0   0  0   1  0  0  0  1  0/0     9:41   0:00   0:00 
Marc-Edouard Vlasic      0  1  1  -1  2   4  2  0  1  0  0/0    14:24   2:32   0:35 
Nick Foligno             1  0  1   0  2   1  4  0  2  0  2/3    16:03   3:15   1:05 
Robyn Regehr             0  0  0  -1  2   1  4  2  0  1  0/0    24:35   5:27   4:47 
Ryan Kesler              0  0  0  -1  2   3  2  0  5  2  4/8    18:18   4:44   2:59 
Zach Parise              0  0  0   0  0   1  2  0  1  1  0/0    13:18   3:15   0:00 
Zack Smith               0  0  0   0  2   2  0  0  0  1  2/8    11:07   0:00   0:00 

Players Stats for Wild

Player Name              G  A  P  +/- PIM S  H  SB GA TA FO     MP     PP MP  PK MP  
------------------------------------------------------------------------------------
Alexandre Burrows        0  1  1  -1  0   2  2  0  2  1  2/5    16:55   5:44   0:00 
Brad Marchand            0  0  0   0  0   1  0  0  2  0  0/0    11:54   0:00   0:33 
Bryce Salvador           0  1  1  -1  2   1  1  3  0  2  0/0    19:07   6:34   1:23 
Chris Neil               0  0  0   0  2   1  1  0  1  0  1/1    10:17   0:00   0:00 
Cody Franson             0  2  2   1  0   2  2  3  0  5  0/0    27:43   6:09   4:46 
Dan Boyle                2  0  2   2  0   5  0  2  2  0  0/0    25:52   6:09   4:46 
Drew Miller              0  0  0   0  0   1  2  2  0  0  0/1    13:33   0:00   1:39 
Jason Zucker             0  0  0   0  0   0  0  0  1  0  0/0     6:55   0:00   0:00 
Jerred Smithson          0  0  0   0  0   0  1  0  0  1  3/4     6:55   0:00   0:00 
Jordan Eberle            0  0  0   1  0   1  0  0  1  1  0/1    17:56   6:59   1:06 
Luke Schenn              1  1  2  -1  2   1  1  1  0  1  0/0    16:19   0:00   3:13 
Marek Zidlicky           0  0  0   1  0   0  1  2  0  0  0/0    12:28   0:00   0:00 
Mark Streit              0  0  0   0  2   2  0  0  1  1  0/0    19:49   6:34   1:50 
Maxime Talbot            0  0  0  -1  2   2  2  0  0  0  4/9    17:36   5:44   0:00 
Michal Handzus           0  1  1   0  0   1  1  1  0  0  7/10   10:00   0:00   0:00 
Patrik Elias             0  0  0   2  0   2  1  0  0  0  11/19  22:37   6:59   6:20 
Thomas Vanek             2  0  2   2  0   3  0  1  2  1  0/3    22:37   6:59   6:20 
Tuomo Ruutu              0  0  0  -1  0   2  0  0  3  0  1/3    13:23   5:44   0:00 

3 Stars

1 - Dan Boyle (Min)
2 - Thomas Vanek (Min)
3 - Alexander Steen (Tor)

Power Play

MapleLeafs - 1 on 5 Attempt(s) - 20.00%
Wild - 1 on 7 Attempt(s) - 14.29%

Penalty Kill

MapleLeafs - 6 on 7 Attempt(s) - 85.71% - Score 1 goal in Penalty Kill
Wild - 4 on 5 Attempt(s) - 80.00% - Score 1 goal in Penalty Kill

Team Stat

MapleLeafs - Hits : 29 - Faceoff Wins : 27 - Blocked Shots : 11 - Penalty Minutes : 14
Wild - Hits : 15 - Faceoff Wins : 29 - Blocked Shots : 15 - Penalty Minutes : 10

Official

Referees : Unknown
Linesman : Unknown

Game Notes

Alexander Steen has scored a Hat Trick!

Finance

Level 1 -- Attendance: 4199 (69.98%) -- Ticket Income $419,900
Level 2 -- Attendance: 3617 (72.34%) -- Ticket Income $217,020
Level 3 -- Attendance: 1594 (79.70%) -- Ticket Income $55,790
Level 4 -- Attendance: 3317 (82.93%) -- Ticket Income $66,340
Luxury Box -- Attendance: 785 (78.50%) -- Ticket Income $157,000
Game was played at the Xcel Energy Center'
Total Attendance: 13512 (75.07%)
Total Ticket Income: $916,050
Other Income: $448,864
Total Income: $1,364,914

MapleLeafs

5 vs 5 Forward 
   Center                   Left Wing                Right Wing               Time % Phy DF OF 
 1 Joe Thornton             Alexander Steen          Nick Foligno             35     0   1  4  
 2 Ryan Kesler              Zach Parise              Lee Stempniak            30     1   1  3  
 3 Brandon Sutter           Gregory Campbell         Dustin Brown             22     1   3  1  
 4 Zack Smith               Colton Gillies           Kyle Palmieri            13     2   3  0  

5 vs 5 Defense 
   Defense                  Defense                                           Time % Phy DF OF 
 1 Drew Doughty             Robyn Regehr                                      35     1   2  2  
 2 Karl Alzner              Marc-Edouard Vlasic                               30     1   2  2  
 3 Jarred Tinordi           Carl Gunnarsson                                   22     2   3  0  
 4 Drew Doughty             Robyn Regehr                                      13     1   2  2  

PowerPlay Forward 
   Center                   Left Wing                Right Wing               Time % Phy DF OF 
 1 Joe Thornton             Alexander Steen          Ryan Kesler              60     0   1  4  
 2 Brandon Sutter           Zach Parise              Nick Foligno             40     0   1  4  

PowerPlay Defense
   Defense                  Defense                                           Time % Phy DF OF 
 1 Drew Doughty             Robyn Regehr                                      60     1   1  3  
 2 Karl Alzner              Marc-Edouard Vlasic                               40     1   1  3  

Penalty Kill 4 Players Forward 
   Center                   Wing                     Time % Phy DF OF 
 1 Brandon Sutter           Gregory Campbell         60     0   4  1  
 2 Ryan Kesler              Joe Thornton             40     0   4  1  

Penalty Kill 4 Players Defense
   Defense                  Defense                  Time % Phy DF OF 
 1 Drew Doughty             Robyn Regehr             60     1   4  0  
 2 Karl Alzner              Carl Gunnarsson          40     1   4  0  

Penalty Kill - 3 Players Forward 
   Forward                                           Time % Phy DF OF 
 1 Brandon Sutter                                    60     0   5  0  
 2 Ryan Kesler                                       40     0   5  0  

Penalty Kill - 3 Players Defense
   Defense                  Defense                  Time % Phy DF OF 
 1 Drew Doughty             Robyn Regehr             60     0   5  0  
 2 Karl Alzner              Carl Gunnarsson          40     0   5  0  

4 vs 4 Forward 
   Center                   Wing                     Time % Phy DF OF 
 1 Joe Thornton             Alexander Steen          60     1   2  2  
 2 Ryan Kesler              Zach Parise              40     1   2  2  

4 vs 4 Defense
   Defense                  Defense                  Time % Phy DF OF 
 1 Drew Doughty             Robyn Regehr             60     1   2  2  
 2 Karl Alzner              Marc-Edouard Vlasic      40     1   2  2  

Last Minutes Offensive
   Center                   Left Wing                Right Wing               Defense                  Defense                  
   Joe Thornton             Alexander Steen          Ryan Kesler              Drew Doughty             Robyn Regehr             

Last Minutes Defensive
   Center                   Left Wing                Right Wing               Defense                  Defense                  
   Joe Thornton             Alexander Steen          Ryan Kesler              Drew Doughty             Robyn Regehr             

Goaltenders
Starting : Ondrej Pavelec           
Backup : Cory Schneider           

Extra Forwards
Normal : Lee Stempniak, Zack Smith, Nick Foligno - PP : Lee Stempniak, Zack Smith - PK : Nick Foligno
Extra Defensemen
Normal : Jarred Tinordi, Carl Gunnarsson, Karl Alzner - PP : Jarred Tinordi - PK : Carl Gunnarsson, Karl Alzner
Penalty Shots
Joe Thornton, Alexander Steen, Zach Parise, Ryan Kesler, Dustin Brown

Wild

5 vs 5 Forward 
   Center                   Left Wing                Right Wing               Time % Phy DF OF 
 1 Patrik Elias             Thomas Vanek             Jordan Eberle            35     1   2  2  
 2 Maxime Talbot            Brad Marchand            Alexandre Burrows        30     1   2  2  
 3 Michal Handzus           Drew Miller              Chris Neil               22     1   2  2  
 4 Jerred Smithson          Jason Zucker             Tuomo Ruutu              13     1   2  2  

5 vs 5 Defense 
   Defense                  Defense                                           Time % Phy DF OF 
 1 Marek Zidlicky           Dan Boyle                                         35     1   2  2  
 2 Cody Franson             Mark Streit                                       30     1   2  2  
 3 Luke Schenn              Bryce Salvador                                    22     1   2  2  
 4 Cody Franson             Luke Schenn                                       13     1   2  2  

PowerPlay Forward 
   Center                   Left Wing                Right Wing               Time % Phy DF OF 
 1 Patrik Elias             Thomas Vanek             Jordan Eberle            60     1   2  2  
 2 Alexandre Burrows        Maxime Talbot            Tuomo Ruutu              40     1   2  2  

PowerPlay Defense
   Defense                  Defense                                           Time % Phy DF OF 
 1 Cody Franson             Dan Boyle                                         60     1   2  2  
 2 Bryce Salvador           Mark Streit                                       40     1   2  2  

Penalty Kill 4 Players Forward 
   Center                   Wing                     Time % Phy DF OF 
 1 Patrik Elias             Thomas Vanek             60     1   2  2  
 2 Jordan Eberle            Drew Miller              40     1   2  2  

Penalty Kill 4 Players Defense
   Defense                  Defense                  Time % Phy DF OF 
 1 Cody Franson             Dan Boyle                60     1   2  2  
 2 Bryce Salvador           Luke Schenn              40     1   2  2  

Penalty Kill - 3 Players Forward 
   Forward                                           Time % Phy DF OF 
 1 Patrik Elias                                      60     1   2  2  
 2 Thomas Vanek                                      40     1   2  2  

Penalty Kill - 3 Players Defense
   Defense                  Defense                  Time % Phy DF OF 
 1 Cody Franson             Dan Boyle                60     1   2  2  
 2 Bryce Salvador           Luke Schenn              40     1   2  2  

4 vs 4 Forward 
   Center                   Wing                     Time % Phy DF OF 
 1 Patrik Elias             Thomas Vanek             60     1   2  2  
 2 Jordan Eberle            Alexandre Burrows        40     1   2  2  

4 vs 4 Defense
   Defense                  Defense                  Time % Phy DF OF 
 1 Cody Franson             Dan Boyle                60     1   2  2  
 2 Bryce Salvador           Mark Streit              40     1   2  2  

Last Minutes Offensive
   Center                   Left Wing                Right Wing               Defense                  Defense                  
   Patrik Elias             Thomas Vanek             Jordan Eberle            Cody Franson             Dan Boyle                

Last Minutes Defensive
   Center                   Left Wing                Right Wing               Defense                  Defense                  
   Patrik Elias             Thomas Vanek             Jordan Eberle            Cody Franson             Dan Boyle                

Goaltenders
Starting : Antti Niemi              
Backup : Niklas Backstrom         

Extra Forwards
Normal : Brad Marchand, Michal Handzus, Drew Miller - PP : Brad Marchand, Michal Handzus - PK : Drew Miller
Extra Defensemen
Normal : Mark Streit, Luke Schenn, Bryce Salvador - PP : Mark Streit - PK : Luke Schenn, Bryce Salvador
Penalty Shots
Patrik Elias, Thomas Vanek, Jordan Eberle, Michal Handzus, Tuomo Ruutu

% Time on Ice - MapleLeafs

Lines # - Real PCT - Wanted PCT - Time Play
Normal Forward
1 - 29% - 35% - 11:28
2 - 28% - 30% - 10:50
3 - 15% - 22% - 6:04
4 - 28% - 13% - 10:54
Normal Defense
1 - 33% - 35% - 12:46
2 - 30% - 30% - 11:38
3 - 34% - 22% - 13:18
4 - 4% - 13% - 1:34
PP Forward
1 - 59% - 60% - 4:44
2 - 41% - 40% - 3:15
PP Defense
1 - 68% - 60% - 5:27
2 - 32% - 40% - 2:32
PK Forward
1 - 70% - 60% - 8:55
2 - 30% - 40% - 3:48
PK Defense
1 - 53% - 60% - 6:46
2 - 47% - 40% - 5:57
PK3 Forward
1 - 0% - 60%
2 - 0% - 40%
PK3 Defense
1 - 0% - 60%
2 - 0% - 40%
44 Forward
1 - 0% - 60%
2 - 0% - 40%
44 Defense
1 - 0% - 60%
2 - 0% - 40%
Last Minute Offensive  - 0:02
Last Minute Defensive  - 0:00
Total
Forward - 60:00
Defense - 60:00

% Time on Ice - Wild

Lines # - Real PCT - Wanted PCT - Time Play
Normal Forward
1 - 25% - 35% - 9:31
2 - 32% - 30% - 12:11
3 - 26% - 22% - 10:00
4 - 18% - 13% - 6:55
Normal Defense
1 - 37% - 35% - 14:16
2 - 34% - 30% - 13:08
3 - 19% - 22% - 7:23
4 - 10% - 13% - 3:50
PP Forward
1 - 55% - 60% - 6:59
2 - 45% - 40% - 5:44
PP Defense
1 - 48% - 60% - 6:09
2 - 52% - 40% - 6:34
PK Forward
1 - 86% - 60% - 6:53
2 - 14% - 40% - 1:06
PK Defense
1 - 60% - 60% - 4:46
2 - 40% - 40% - 3:13
PK3 Forward
1 - 0% - 60%
2 - 0% - 40%
PK3 Defense
1 - 0% - 60%
2 - 0% - 40%
44 Forward
1 - 0% - 60%
2 - 0% - 40%
44 Defense
1 - 0% - 60%
2 - 0% - 40%
Last Minute Offensive  - 0:00
Last Minute Defensive  - 0:41
Total
Forward - 60:00
Defense - 60:00

Play by Play

1st period


0:01 of 1st period - Patrik Elias wins face-off versus Joe Thornton in neutral zone.
0:06 of 1st period - Wrist shot by Thomas Vanek.
0:06 of 1st period - Shot Blocked by Joe Thornton.
0:49 of 1st period - Minor Penalty to Ryan Kesler for Hooking.
0:50 of 1st period - Brandon Sutter wins face-off versus Alexandre Burrows in MapleLeafs zone.
1:42 of 1st period - Thomas Vanek is hit by Joe Thornton and loses puck.
2:13 of 1st period - Patrik Elias is hit by Brandon Sutter.
2:21 of 1st period - Wrist shot by Jordan Eberle.
2:21 of 1st period - Stopped by Ondrej Pavelec with a rebound.
2:30 of 1st period - Off-side.
2:31 of 1st period - Nick Foligno wins face-off versus Tuomo Ruutu in neutral zone.
2:40 of 1st period - Snap shot by Nick Foligno.
2:40 of 1st period - Goal by Nick Foligno - MapleLeafs : 1 - Wild : 0.
2:41 of 1st period - Nick Foligno wins face-off versus Alexandre Burrows in neutral zone.
2:43 of 1st period - Off-side.
2:44 of 1st period - Alexandre Burrows wins face-off versus Nick Foligno in neutral zone.
2:49 of 1st period - Penalty to Ryan Kesler is over, Ryan Kesler is back on ice.
3:02 of 1st period - Wrist shot by Alexandre Burrows.
3:02 of 1st period - Stopped by Ondrej Pavelec without a rebound.
3:03 of 1st period - Michal Handzus wins face-off versus Brandon Sutter in MapleLeafs zone.
3:10 of 1st period - Slapshot by Dustin Brown.
3:10 of 1st period - Shot Misses the Net.
3:12 of 1st period - Slapshot by Marc-Edouard Vlasic.
3:12 of 1st period - Stopped by Antti Niemi without a rebound.
3:13 of 1st period - Brandon Sutter wins face-off versus Michal Handzus in Wild zone.
3:42 of 1st period - Snap shot by Dustin Brown.
3:42 of 1st period - Shot Misses the Net.
3:44 of 1st period - Slapshot by Marc-Edouard Vlasic.
3:44 of 1st period - Deflect By Dustin Brown.
3:44 of 1st period - Stopped by Antti Niemi with a rebound.
3:46 of 1st period - Slapshot by Marc-Edouard Vlasic.
3:46 of 1st period - Stopped by Antti Niemi without a rebound.
3:47 of 1st period - Maxime Talbot wins face-off versus Ryan Kesler in Wild zone.
4:22 of 1st period - Snap shot by Zach Parise.
4:22 of 1st period - Stopped by Antti Niemi with a rebound.
4:58 of 1st period - Slapshot by Alexander Steen.
4:58 of 1st period - Shot Blocked by Bryce Salvador.
5:00 of 1st period - Snap shot by Robyn Regehr.
5:00 of 1st period - Shot Misses the Net.
5:02 of 1st period - Snap shot by Alexander Steen.
5:02 of 1st period - Shot Misses the Net.
5:04 of 1st period - Slapshot by Robyn Regehr.
5:04 of 1st period - Shot Blocked by Luke Schenn.
5:22 of 1st period - Wrist shot by Kyle Palmieri.
5:22 of 1st period - Shot Misses the Net.
5:32 of 1st period - Icing by Zack Smith.
5:33 of 1st period - Tuomo Ruutu wins face-off versus Zack Smith in MapleLeafs zone.
5:33 of 1st period - Tuomo Ruutu is hit by Robyn Regehr.
5:47 of 1st period - Tuomo Ruutu is hit by Drew Doughty and loses puck.
5:57 of 1st period - Minor Penalty to Zack Smith for Tripping.
5:58 of 1st period - Brandon Sutter wins face-off versus Thomas Vanek in MapleLeafs zone.
6:25 of 1st period - Wrist shot by Thomas Vanek.
6:25 of 1st period - Shot Blocked by Carl Gunnarsson.
6:27 of 1st period - Slapshot by Cody Franson.
6:27 of 1st period - Stopped by Ondrej Pavelec without a rebound.
6:28 of 1st period - Alexandre Burrows wins face-off versus Brandon Sutter in MapleLeafs zone.
6:59 of 1st period - Wrist shot by Maxime Talbot.
6:59 of 1st period - Stopped by Ondrej Pavelec with a rebound.
7:54 of 1st period - Wrist shot by Tuomo Ruutu.
7:54 of 1st period - Stopped by Ondrej Pavelec without a rebound.
7:55 of 1st period - Maxime Talbot wins face-off versus Ryan Kesler in MapleLeafs zone.
7:57 of 1st period - Penalty to Zack Smith is over, Zack Smith is back on ice.
8:10 of 1st period - Snap shot by Ryan Kesler.
8:10 of 1st period - Stopped by Antti Niemi without a rebound.
8:11 of 1st period - Michal Handzus wins face-off versus Joe Thornton in Wild zone.
8:26 of 1st period - Slapshot by Dan Boyle.
8:26 of 1st period - Goal by Dan Boyle - MapleLeafs : 1 - Wild : 1.
8:27 of 1st period - Patrik Elias wins face-off versus Ryan Kesler in neutral zone.
8:36 of 1st period - Snap shot by Thomas Vanek.
8:36 of 1st period - Shot Misses the Net.
9:27 of 1st period - Alexandre Burrows is hit by Nick Foligno and loses puck.
9:46 of 1st period - Alexandre Burrows is hit by Nick Foligno and loses puck.
9:53 of 1st period - Slapshot by Luke Schenn.
9:53 of 1st period - Deflect By Karl Alzner.
9:53 of 1st period - Goal by Luke Schenn - MapleLeafs : 1 - Wild : 2.
9:54 of 1st period - Michal Handzus wins face-off versus Brandon Sutter in neutral zone.
10:05 of 1st period - Slapshot by Dan Boyle.
10:05 of 1st period - Deflect By Drew Doughty.
10:05 of 1st period - Stopped by Ondrej Pavelec with a rebound.
10:07 of 1st period - Snap shot by Michal Handzus.
10:07 of 1st period - Shot Blocked by Dustin Brown.
10:09 of 1st period - Wrist shot by Michal Handzus.
10:09 of 1st period - Shot Blocked by Brandon Sutter.
10:16 of 1st period - Minor Penalty to Drew Doughty for Slashing.
10:17 of 1st period - Brandon Sutter wins face-off versus Patrik Elias in MapleLeafs zone.
10:57 of 1st period - Snap shot by Ryan Kesler.
10:57 of 1st period - Shot Blocked by Dan Boyle.
11:05 of 1st period - Wrist shot by Joe Thornton.
11:05 of 1st period - Stopped by Antti Niemi with a rebound.
11:07 of 1st period - Slapshot by Robyn Regehr.
11:07 of 1st period - Stopped by Antti Niemi with a rebound.
11:43 of 1st period - Backhand shot by Gregory Campbell.
11:43 of 1st period - Shot Misses the Net.
12:13 of 1st period - Joe Thornton is hit by Alexandre Burrows and loses puck.
12:16 of 1st period - Penalty to Drew Doughty is over, Drew Doughty is back on ice.
12:20 of 1st period - Alexandre Burrows is hit by Drew Doughty and loses puck.
12:47 of 1st period - Slapshot by Dan Boyle.
12:47 of 1st period - Deflect By Colton Gillies.
12:47 of 1st period - Stopped by Ondrej Pavelec with a rebound.
12:49 of 1st period - Snap shot by Chris Neil.
12:49 of 1st period - Stopped by Ondrej Pavelec with a rebound.
13:19 of 1st period - Colton Gillies is hit by Drew Miller and loses puck.
13:30 of 1st period - Patrik Elias is hit by Colton Gillies and loses puck.
13:45 of 1st period - Snap shot by Joe Thornton.
13:45 of 1st period - Shot Misses the Net.
15:01 of 1st period - Snap shot by Dan Boyle.
15:01 of 1st period - Shot Blocked by Robyn Regehr.
15:03 of 1st period - Slapshot by Dan Boyle.
15:03 of 1st period - Shot Blocked by Drew Doughty.
15:23 of 1st period - Marc-Edouard Vlasic is hit by Chris Neil and loses puck.
15:32 of 1st period - Snap shot by Alexander Steen.
15:32 of 1st period - Goal by Alexander Steen - MapleLeafs : 2 - Wild : 2.
15:33 of 1st period - Ryan Kesler wins face-off versus Maxime Talbot in neutral zone.
15:54 of 1st period - Slapshot by Ryan Kesler.
15:54 of 1st period - Stopped by Antti Niemi without a rebound.
15:55 of 1st period - Michal Handzus wins face-off versus Zack Smith in Wild zone.
16:08 of 1st period - Slapshot by Marek Zidlicky.
16:08 of 1st period - Shot Blocked by Jarred Tinordi.
16:10 of 1st period - Snap shot by Drew Miller.
16:10 of 1st period - Deflect By Jarred Tinordi.
16:10 of 1st period - Stopped by Ondrej Pavelec without a rebound.
16:11 of 1st period - Michal Handzus wins face-off versus Zack Smith in MapleLeafs zone.
16:12 of 1st period - Slapshot by Dan Boyle.
16:12 of 1st period - Shot Blocked by Jarred Tinordi.
16:37 of 1st period - Slapshot by Dan Boyle.
16:37 of 1st period - Shot Misses the Net.
16:39 of 1st period - Slapshot by Marek Zidlicky.
16:39 of 1st period - Deflect By Michal Handzus.
16:39 of 1st period - Shot Misses the Net.
16:39 of 1st period - Puck is out of play.
16:40 of 1st period - Joe Thornton wins face-off versus Alexandre Burrows in MapleLeafs zone.
16:40 of 1st period - Joe Thornton is hit by Luke Schenn.
17:13 of 1st period - Snap shot by Brad Marchand.
17:13 of 1st period - Stopped by Ondrej Pavelec with a rebound.
17:15 of 1st period - Wrist shot by Brad Marchand.
17:15 of 1st period - Shot Misses the Net.
18:05 of 1st period - Wrist shot by Drew Doughty.
18:05 of 1st period - Stopped by Antti Niemi with a rebound.
18:07 of 1st period - Snap shot by Brandon Sutter.
18:07 of 1st period - Shot Blocked by Bryce Salvador.
18:09 of 1st period - Snap shot by Drew Doughty.
18:09 of 1st period - Shot Misses the Net.
18:31 of 1st period - Slapshot by Thomas Vanek.
18:31 of 1st period - Shot Blocked by Robyn Regehr.
19:01 of 1st period - Slapshot by Patrik Elias.
19:01 of 1st period - Stopped by Ondrej Pavelec without a rebound.
19:02 of 1st period - Zack Smith wins face-off versus Maxime Talbot in MapleLeafs zone.
Goals for this period are 2 for MapleLeafs vs 2 for Wild.
Shots for this period are 11 for MapleLeafs vs 13 for Wild.

2nd period


0:01 of 2nd period - Joe Thornton wins face-off versus Patrik Elias in neutral zone.
0:08 of 2nd period - Snap shot by Alexander Steen.
0:08 of 2nd period - Shot Blocked by Cody Franson.
1:12 of 2nd period - Wrist shot by Ryan Kesler.
1:12 of 2nd period - Shot Misses the Net.
1:14 of 2nd period - Slapshot by Karl Alzner.
1:14 of 2nd period - Shot Misses the Net.
2:32 of 2nd period - Off-side.
2:33 of 2nd period - Joe Thornton wins face-off versus Jerred Smithson in neutral zone.
2:46 of 2nd period - Minor Penalty to Robyn Regehr for Interference.
2:47 of 2nd period - Patrik Elias wins face-off versus Brandon Sutter in MapleLeafs zone.
3:55 of 2nd period - Tuomo Ruutu is hit by Ryan Kesler and loses puck.
4:46 of 2nd period - Penalty to Robyn Regehr is over, Robyn Regehr is back on ice.
4:54 of 2nd period - Slapshot by Dan Boyle.
4:54 of 2nd period - Stopped by Ondrej Pavelec with a rebound.
5:14 of 2nd period - Wrist shot by Kyle Palmieri.
5:14 of 2nd period - Shot Blocked by Michal Handzus.
5:16 of 2nd period - Slapshot by Jarred Tinordi.
5:16 of 2nd period - Stopped by Antti Niemi with a rebound.
5:18 of 2nd period - Slapshot by Jarred Tinordi.
5:18 of 2nd period - Stopped by Antti Niemi without a rebound.
5:19 of 2nd period - Jerred Smithson wins face-off versus Zack Smith in Wild zone.
5:34 of 2nd period - Minor Penalty to Carl Gunnarsson for Interference.
5:35 of 2nd period - Brandon Sutter wins face-off versus Thomas Vanek in MapleLeafs zone.
6:24 of 2nd period - Bryce Salvador is hit by Joe Thornton and loses puck.
7:03 of 2nd period - Wrist shot by Ryan Kesler.
7:03 of 2nd period - Stopped by Antti Niemi with a rebound.
7:09 of 2nd period - Marc-Edouard Vlasic is hit by Bryce Salvador and loses puck.
7:29 of 2nd period - Marc-Edouard Vlasic is hit by Alexandre Burrows and loses puck.
7:34 of 2nd period - Penalty to Carl Gunnarsson is over, Carl Gunnarsson is back on ice.
8:28 of 2nd period - Minor Penalty to Bryce Salvador for Tripping.
8:29 of 2nd period - Joe Thornton wins face-off versus Patrik Elias in Wild zone.
8:32 of 2nd period - Slapshot by Alexander Steen.
8:32 of 2nd period - Deflect By Joe Thornton.
8:32 of 2nd period - Stopped by Antti Niemi with a rebound.
8:34 of 2nd period - Slapshot by Drew Doughty.
8:34 of 2nd period - Stopped by Antti Niemi with a rebound.
8:54 of 2nd period - Snap shot by Alexander Steen.
8:54 of 2nd period - Shot Misses the Net.
8:56 of 2nd period - Wrist shot by Ryan Kesler.
8:56 of 2nd period - Shot Blocked by Thomas Vanek.
8:58 of 2nd period - Slapshot by Karl Alzner.
8:58 of 2nd period - Stopped by Antti Niemi with a rebound.
9:00 of 2nd period - Slapshot by Marc-Edouard Vlasic.
9:00 of 2nd period - Shot Misses the Net.
9:02 of 2nd period - Slapshot by Marc-Edouard Vlasic.
9:02 of 2nd period - Deflect By Alexander Steen.
9:02 of 2nd period - Shot Misses the Net.
9:02 of 2nd period - Puck is out of play.
9:03 of 2nd period - Patrik Elias wins face-off versus Brandon Sutter in Wild zone.
9:34 of 2nd period - Thomas Vanek is hit by Ryan Kesler and loses puck.
10:28 of 2nd period - Penalty to Bryce Salvador is over, Bryce Salvador is back on ice.
10:46 of 2nd period - Snap shot by Kyle Palmieri.
10:46 of 2nd period - Shot Blocked by Drew Miller.
11:35 of 2nd period - Jerred Smithson is hit by Zach Parise and loses puck.
11:46 of 2nd period - Drew Doughty is hit by Jerred Smithson and loses puck.
11:59 of 2nd period - Dan Boyle is hit by Dustin Brown and loses puck.
12:14 of 2nd period - Slapshot by Joe Thornton.
12:14 of 2nd period - Shot Blocked by Dan Boyle.
12:16 of 2nd period - Slapshot by Marc-Edouard Vlasic.
12:16 of 2nd period - Shot Blocked by Marek Zidlicky.
12:46 of 2nd period - Wrist shot by Brad Marchand.
12:46 of 2nd period - Deflect By Alexandre Burrows.
12:46 of 2nd period - Stopped by Ondrej Pavelec with a rebound.
12:48 of 2nd period - Wrist shot by Bryce Salvador.
12:48 of 2nd period - Stopped by Ondrej Pavelec with a rebound.
12:50 of 2nd period - Snap shot by Alexandre Burrows.
12:50 of 2nd period - Deflect By Maxime Talbot.
12:50 of 2nd period - Stopped by Ondrej Pavelec without a rebound.
12:51 of 2nd period - Ryan Kesler wins face-off versus Maxime Talbot in MapleLeafs zone.
12:56 of 2nd period - Slapshot by Drew Doughty.
12:56 of 2nd period - Stopped by Antti Niemi with a rebound.
14:10 of 2nd period - Off-side.
14:11 of 2nd period - Michal Handzus wins face-off versus Zack Smith in neutral zone.
14:22 of 2nd period - Zack Smith is hit by Michal Handzus and loses puck.
15:05 of 2nd period - Minor Penalty to Luke Schenn for Hooking.
15:06 of 2nd period - Joe Thornton wins face-off versus Patrik Elias in Wild zone.
15:06 of 2nd period - Snap shot by Alexander Steen.
15:06 of 2nd period - Shot Misses the Net.
15:08 of 2nd period - Slapshot by Karl Alzner.
15:08 of 2nd period - Deflect By Alexander Steen.
15:08 of 2nd period - Goal by Alexander Steen - MapleLeafs : 3 - Wild : 2.
15:09 of 2nd period - Joe Thornton wins face-off versus Patrik Elias in neutral zone.
15:28 of 2nd period - Snap shot by Joe Thornton.
15:28 of 2nd period - Shot Blocked by Bryce Salvador.
15:30 of 2nd period - Wrist shot by Marc-Edouard Vlasic.
15:30 of 2nd period - Shot Misses the Net.
15:32 of 2nd period - Snap shot by Marc-Edouard Vlasic.
15:32 of 2nd period - Stopped by Antti Niemi with a rebound.
15:34 of 2nd period - Slapshot by Marc-Edouard Vlasic.
15:34 of 2nd period - Stopped by Antti Niemi without a rebound.
15:35 of 2nd period - Ryan Kesler wins face-off versus Drew Miller in Wild zone.
15:44 of 2nd period - Snap shot by Ryan Kesler.
15:44 of 2nd period - Shot Misses the Net.
15:46 of 2nd period - Wrist shot by Carl Gunnarsson.
15:46 of 2nd period - Shot Blocked by Drew Miller.
15:48 of 2nd period - Snap shot by Carl Gunnarsson.
15:48 of 2nd period - Shot Misses the Net.
15:50 of 2nd period - Slapshot by Carl Gunnarsson.
15:50 of 2nd period - Shot Blocked by Cody Franson.
15:52 of 2nd period - Wrist shot by Lee Stempniak.
15:52 of 2nd period - Stopped by Antti Niemi with a rebound.
15:54 of 2nd period - Slapshot by Carl Gunnarsson.
15:54 of 2nd period - Shot Misses the Net.
15:56 of 2nd period - Wrist shot by Lee Stempniak.
15:56 of 2nd period - Shot Misses the Net.
15:58 of 2nd period - Snap shot by Lee Stempniak.
15:58 of 2nd period - Shot Misses the Net.
16:08 of 2nd period - Slapshot by Zach Parise.
16:08 of 2nd period - Shot Misses the Net.
16:10 of 2nd period - Snap shot by Jarred Tinordi.
16:10 of 2nd period - Stopped by Antti Niemi without a rebound.
16:11 of 2nd period - Patrik Elias wins face-off versus Joe Thornton in Wild zone.
16:13 of 2nd period - Icing by Thomas Vanek.
16:14 of 2nd period - Patrik Elias wins face-off versus Joe Thornton in Wild zone.
16:30 of 2nd period - Snap shot by Thomas Vanek.
16:30 of 2nd period - Goal by Thomas Vanek - MapleLeafs : 3 - Wild : 3.
16:31 of 2nd period - Joe Thornton wins face-off versus Patrik Elias in neutral zone.
17:08 of 2nd period - Snap shot by Joe Thornton.
17:08 of 2nd period - Shot Misses the Net.
17:49 of 2nd period - Alexandre Burrows is hit by Robyn Regehr.
18:19 of 2nd period - Snap shot by Dustin Brown.
18:19 of 2nd period - Stopped by Antti Niemi without a rebound.
18:20 of 2nd period - Zack Smith wins face-off versus Michal Handzus in Wild zone.
18:43 of 2nd period - Snap shot by Kyle Palmieri.
18:43 of 2nd period - Shot Misses the Net.
19:03 of 2nd period - Minor Penalty to Mark Streit for Interference.
19:04 of 2nd period - Patrik Elias wins face-off versus Joe Thornton in Wild zone.
Goals for this period are 1 for MapleLeafs vs 1 for Wild.
Shots for this period are 13 for MapleLeafs vs 5 for Wild.

3rd period


0:01 of 3rd period - Joe Thornton wins face-off versus Patrik Elias in neutral zone.
0:30 of 3rd period - Snap shot by Thomas Vanek.
0:30 of 3rd period - Goal by Thomas Vanek - MapleLeafs : 3 - Wild : 4.
0:31 of 3rd period - Patrik Elias wins face-off versus Brandon Sutter in neutral zone.
0:44 of 3rd period - Snap shot by Patrik Elias.
0:44 of 3rd period - Stopped by Ondrej Pavelec with a rebound.
0:50 of 3rd period - Cody Franson is hit by Robyn Regehr and loses puck.
0:59 of 3rd period - Slapshot by Drew Doughty.
0:59 of 3rd period - Stopped by Antti Niemi with a rebound.
1:03 of 3rd period - Penalty to Mark Streit is over, Mark Streit is back on ice.
1:48 of 3rd period - Snap shot by Kyle Palmieri.
1:48 of 3rd period - Deflect By Zack Smith.
1:48 of 3rd period - Stopped by Antti Niemi without a rebound.
1:49 of 3rd period - Joe Thornton wins face-off versus Maxime Talbot in Wild zone.
2:04 of 3rd period - Slapshot by Alexander Steen.
2:04 of 3rd period - Goal by Alexander Steen - MapleLeafs : 4 - Wild : 4.
2:05 of 3rd period - Michal Handzus wins face-off versus Ryan Kesler in neutral zone.
2:34 of 3rd period - Cody Franson is hit by Robyn Regehr and loses puck.
2:37 of 3rd period - Slapshot by Cody Franson.
2:37 of 3rd period - Shot Blocked by Drew Doughty.
2:41 of 3rd period - Slapshot by Mark Streit.
2:41 of 3rd period - Deflect By Drew Doughty.
2:41 of 3rd period - Stopped by Ondrej Pavelec with a rebound.
2:57 of 3rd period - Drew Doughty is hit by Maxime Talbot.
3:01 of 3rd period - Mark Streit is hit by Nick Foligno.
3:15 of 3rd period - Snap shot by Dan Boyle.
3:15 of 3rd period - Shot Misses the Net.
3:20 of 3rd period - Minor Penalty to Nick Foligno for Interference.
3:21 of 3rd period - Patrik Elias wins face-off versus Brandon Sutter in MapleLeafs zone.
3:35 of 3rd period - Wrist shot by Thomas Vanek.
3:35 of 3rd period - Shot Misses the Net.
3:47 of 3rd period - Patrik Elias is hit by Brandon Sutter and loses puck.
4:29 of 3rd period - Wrist shot by Tuomo Ruutu.
4:29 of 3rd period - Stopped by Ondrej Pavelec with a rebound.
4:45 of 3rd period - Slapshot by Mark Streit.
4:45 of 3rd period - Shot Misses the Net.
5:03 of 3rd period - Patrik Elias is hit by Gregory Campbell and loses puck.
5:20 of 3rd period - Penalty to Nick Foligno is over, Nick Foligno is back on ice.
5:46 of 3rd period - Wrist shot by Alexander Steen.
5:46 of 3rd period - Stopped by Antti Niemi without a rebound.
5:47 of 3rd period - Ryan Kesler wins face-off versus Tuomo Ruutu in Wild zone.
6:36 of 3rd period - Karl Alzner is hit by Maxime Talbot and loses puck.
6:45 of 3rd period - Alexandre Burrows is hit by Kyle Palmieri.
7:07 of 3rd period - Slapshot by Zack Smith.
7:07 of 3rd period - Stopped by Antti Niemi without a rebound.
7:08 of 3rd period - Chris Neil wins face-off versus Joe Thornton in Wild zone.
7:10 of 3rd period - Minor Penalty to Chris Neil for Slashing.
7:11 of 3rd period - Joe Thornton wins face-off versus Thomas Vanek in Wild zone.
7:13 of 3rd period - Snap shot by Ryan Kesler.
7:13 of 3rd period - Deflect By Alexander Steen.
7:13 of 3rd period - Shot Blocked by Cody Franson.
7:13 of 3rd period - Puck is out of play.
7:14 of 3rd period - Patrik Elias wins face-off versus Joe Thornton in Wild zone.
8:07 of 3rd period - Cody Franson is hit by Zach Parise and loses puck.
8:16 of 3rd period - Zach Parise is hit by Patrik Elias and loses puck.
8:49 of 3rd period - Drew Miller is hit by Joe Thornton and loses puck.
9:02 of 3rd period - Drew Miller is hit by Nick Foligno.
9:10 of 3rd period - Penalty to Chris Neil is over, Chris Neil is back on ice.
9:27 of 3rd period - Slapshot by Marc-Edouard Vlasic.
9:27 of 3rd period - Deflect By Zack Smith.
9:27 of 3rd period - Shot Misses the Net.
9:27 of 3rd period - Puck is out of play.
9:28 of 3rd period - Maxime Talbot wins face-off versus Zack Smith in Wild zone.
9:44 of 3rd period - Icing by Bryce Salvador.
9:45 of 3rd period - Gregory Campbell wins face-off versus Maxime Talbot in Wild zone.
10:04 of 3rd period - Snap shot by Gregory Campbell.
10:04 of 3rd period - Stopped by Antti Niemi with a rebound.
10:06 of 3rd period - Slapshot by Carl Gunnarsson.
10:06 of 3rd period - Stopped by Antti Niemi with a rebound.
10:08 of 3rd period - Wrist shot by Brandon Sutter.
10:08 of 3rd period - Shot Misses the Net.
10:36 of 3rd period - Tuomo Ruutu is hit by Kyle Palmieri and loses puck.
10:56 of 3rd period - Backhand shot by Tuomo Ruutu.
10:56 of 3rd period - Deflect By Zack Smith.
10:56 of 3rd period - Shot Misses the Net.
10:56 of 3rd period - Puck is out of play.
10:57 of 3rd period - Alexander Steen wins face-off versus Michal Handzus in MapleLeafs zone.
10:59 of 3rd period - Minor Penalty to Marc-Edouard Vlasic for Hooking.
11:00 of 3rd period - Brandon Sutter wins face-off versus Jordan Eberle in MapleLeafs zone.
11:38 of 3rd period - Wrist shot by Patrik Elias.
11:38 of 3rd period - Shot Blocked by Brandon Sutter.
11:48 of 3rd period - Snap shot by Dan Boyle.
11:48 of 3rd period - Goal by Dan Boyle - MapleLeafs : 4 - Wild : 5.
11:49 of 3rd period - Maxime Talbot wins face-off versus Joe Thornton in neutral zone.
12:04 of 3rd period - Snap shot by Brad Marchand.
12:04 of 3rd period - Shot Misses the Net.
12:45 of 3rd period - Marek Zidlicky is hit by Karl Alzner and loses puck.
12:58 of 3rd period - Snap shot by Zach Parise.
12:58 of 3rd period - Shot Blocked by Marek Zidlicky.
13:04 of 3rd period - Lee Stempniak is hit by Marek Zidlicky and loses puck.
13:41 of 3rd period - Slapshot by Mark Streit.
13:41 of 3rd period - Deflect By Drew Doughty.
13:41 of 3rd period - Stopped by Ondrej Pavelec with a rebound.
13:45 of 3rd period - Slapshot by Cody Franson.
13:45 of 3rd period - Stopped by Ondrej Pavelec with a rebound.
13:47 of 3rd period - Slapshot by Michal Handzus.
13:47 of 3rd period - Stopped by Ondrej Pavelec without a rebound.
13:48 of 3rd period - Jerred Smithson wins face-off versus Brandon Sutter in MapleLeafs zone.
14:06 of 3rd period - Wrist shot by Gregory Campbell.
14:06 of 3rd period - Stopped by Antti Niemi with a rebound.
14:35 of 3rd period - Minor Penalty to Maxime Talbot for Slashing.
14:36 of 3rd period - Patrik Elias wins face-off versus Joe Thornton in Wild zone.
16:22 of 3rd period - Luke Schenn is hit by Karl Alzner.
16:35 of 3rd period - Penalty to Maxime Talbot is over, Maxime Talbot is back on ice.
16:44 of 3rd period - Drew Doughty is hit by Drew Miller and loses puck.
17:06 of 3rd period - Drew Miller is hit by Colton Gillies and loses puck.
17:16 of 3rd period - Off-side.
17:17 of 3rd period - Jerred Smithson wins face-off versus Dustin Brown in neutral zone.
17:58 of 3rd period - Jerred Smithson is hit by Marc-Edouard Vlasic and loses puck.
18:11 of 3rd period - Maxime Talbot is hit by Marc-Edouard Vlasic and loses puck.
19:03 of 3rd period - Alexander Steen is hit by Cody Franson and loses puck.
19:57 of 3rd period - Slapshot by Thomas Vanek.
19:57 of 3rd period - Stopped by Ondrej Pavelec without a rebound.
19:58 of 3rd period - Claude Julien call a timeout for MapleLeafs.
19:58 of 3rd period - Alexander Steen wins face-off versus Patrik Elias in MapleLeafs zone.
19:58 of 3rd period - Alexander Steen is hit by Cody Franson.
Goals for this period are 1 for MapleLeafs vs 2 for Wild.
Shots for this period are 8 for MapleLeafs vs 9 for Wild.


Output by the SimonT Hockey Simulator (STHS) for Eric Dolegowski -- Original Page W3C XHTML 1.0 Valid
Hockey Simulator - Hockey Simulation - Hockey Manager